 Dungeon Crawl Stone Soup version 0.19.1 (webtiles) character file.

121 Idleism the Poker (level 4, -7/35 HPs)
             Began as a Demonspawn Abyssal Knight on Dec 4, 2016.
             Was a Believer of Lugonu.
             Killed by nerve-wracking pain
             ... invoked by an orc priest
              (8 damage)
             ... on level 3 of the Dungeon.
             The game lasted 00:07:07 (1858 turns).

Idleism the Poker (Demonspawn Abyssal Knight)       Turns: 1858, Time: 00:07:08

Health: -7/35      AC: 11    Str: 13    XL:     4   Next: 76%
Magic:  5/5        EV: 10    Int: 18    God:    Lugonu [**....]
Gold:   143        SH:  0    Dex: 13    Spells: 0 memorised, 3 levels left

rFire  . . .     SeeInvis .     a - +1 spear
rCold  + . .     Gourm    .     e - +2 ring mail {rC+}
rNeg   . . .     Faith    .     (no shield)
rPois  .         Spirit   .     g - +0 helmet
rElec  .         Reflect  .     h - +0 cloak
rCorr  .         Harm     .     (no gloves)
MR     .....                    (no boots)
Stlth  +.........               (no amulet)
                                (no ring)
                                (no ring)

@: brilliant, invisible
A: icy blue scales 1, demonic guardian 1
a: Depart the Abyss, Bend Space, Renounce Religion


You were on level 3 of the Dungeon.
You worshipped Lugonu.
Lugonu was pleased with you.
You were not hungry.

You visited 1 branch of the dungeon, and saw 3 of its levels.
You visited the Abyss 1 time.

You collected 143 gold pieces.

Inventory:

Hand Weapons
 a - a +1 spear (weapon)
Armour
 b - a +0 leather armour
 e - a +2 ring mail of cold resistance (worn)
 g - a +0 helmet (worn)
 h - a +0 cloak (worn)
 n - a +0 helmet
Scrolls
 f - 3 scrolls of teleportation {unknown}
 l - a scroll of magic mapping {unknown}
 m - a scroll of fog {unknown}
Potions
 i - a potion of brilliance
 k - a potion of might {unknown}
Comestibles
 c - a bread ration
 j - 4 chunks of flesh


   Skills:
 - Level 3.5 Fighting
 + Level 4.0 Polearms
 - Level 2.0 Armour
 - Level 0.8 Dodging
 - Level 2.5 Invocations


You had 3 spell levels left.
You didn't know any spells.

Dungeon Overview and Level Annotations

Branches:
Dungeon (3/15)

Altars:
Nemelex Xobeh


Innate Abilities, Weirdness & Mutations

You are partially covered in icy blue scales. (AC +2)
A weak demonic guardian rushes to your aid.


Message History

* * * LOW HITPOINT WARNING * * *
You completely miss the orc priest.
The orc priest is heavily wounded.
Your shadow imp hits the orc priest but does no damage.
The orc priest hits you but does no damage.
You barely miss the orc priest.
The orc priest is heavily wounded.
Your shadow imp barely misses the orc priest.
The orc priest hits you with a dagger.
* * * LOW HITPOINT WARNING * * *
The orc priest begins to cast a cantrip, but forgets the words!
You see here an orc corpse.
It was a potion of brilliance.
You feel clever all of a sudden.
Your shadow imp disappears in a puff of smoke!
It was a potion of invisibility.
You fade into invisibility!
The orc priest mumbles some strange prayers to Beogh against you.
Pain shoots through your body!
You die...

[...................
####.....###....###
#########).###
##...# ##..#.##
########[.##..#..
......<..........
########o####..##
#..@)# ..# #..####
... .... ##.# ##..
... .. .


You could see an orc priest.

Vanquished Creatures
  8 adders
  An ooze (D:3)
  A leopard gecko (D:2)
  5 orcs (D:3)
  3 giant cockroaches
  2 goblins
  2 hobgoblins
  7 bats
  3 frilled lizards
  7 kobolds
  5 rats
44 creatures vanquished.

Vanquished Creatures (collateral kills)
  An orc (D:3)
1 creature vanquished.

Grand Total: 45 creatures vanquished

Notes
Turn   | Place    | Note
-------+----------+-------------------------------------------
     0 | Abyss:1  | Idleism the Demonspawn Abyssal Knight began the quest for the Orb.
     0 | Abyss:1  | Reached XP level 1. HP: 18/18 MP: 2/2
    27 | Abyss:1  | Noticed a wretched star
    31 | Abyss:1  | Noticed a spatial vortex
    37 | Abyss:1  | Noticed a spatial maelstrom
    37 | Abyss:1  | Noticed a spatial vortex
    38 | Abyss:1  | Noticed a spatial vortex
    38 | D:1      | Escaped the Abyss
   258 | D:1      | Gained mutation: You are partially covered in icy blue scales. (AC +2) [demonic ancestry]
   258 | D:1      | Reached XP level 2. HP: 24/24 MP: 3/3
   381 | D:1      | Reached * piety under Lugonu
   748 | D:2      | Reached skill level 2 in Polearms
  1010 | D:2      | Reached XP level 3. HP: 29/29 MP: 4/4
  1049 | D:2      | Found a sparkling altar of Nemelex Xobeh.
  1108 | D:2      | Reached skill level 3 in Polearms
  1389 | D:2      | Gained mutation: A weak demonic guardian rushes to your aid. [demonic ancestry]
  1389 | D:2      | Reached XP level 4. HP: 31/35 MP: 5/5
  1821 | D:3      | Reached skill level 4 in Polearms
  1830 | D:3      | Reached ** piety under Lugonu
  1855 | D:3      | HP: 1/35 [orc priest/dagger (3)]
  1858 | D:3      | Killed from afar by an orc priest

Skill      XL: |  1  2  3  4 |
---------------+-------------+-----
Armour         | 2 |  2.0
Polearms       | 2 3 4 |  4.0
Fighting       | |  3.5
Dodging        | |  0.8
Invocations    | |  2.5

Action                   |  1- 3 |  4- 6 || total
-------------------------+-------+-------++-------
Melee: Spear             |   147 |    84 ||   231
Invok: Depart the Abyss  |     1 |       ||     1
  Use: Potion            |       |     2 ||     2
  Eat: Chunk             |     2 |     1 ||     3
Armor: Ring mail         |    70 |    34 ||   104
Dodge: Dodged            |    85 |    25 ||   110
